Map: Rifts to Korhal

Players

sTkmonk

  • Race: Terran Terran
  • Spawn Location: 7:00

monk

  • Race: Zerg Zerg
  • Spawn Location: 7:00

VOD

Have the link to the VOD?

Description

Time

  • Played on: Aug. 16, 2017, 3:01 a.m.
  • Length: 17:12
Show
View Real Time Build Order
Export as new Build Order

sTkmonk Terran 

Build Orders:  

Get SALT Encoding   

Show
View Real Time Build Order
Export as new Build Order

monk Zerg 

Build Orders:  

Get SALT Encoding   

  6  0:09  Drone x2  
  7  0:18  Drone x2  
  8  0:30  Drone x2  
  8  0:37  Extractor  
  8  0:44  Drone x2  
  9  0:52  Drone x2  
  10  1:14  Spawning Pool  
  10  1:17  Drone x2  
  11  1:24  Extractor  
  10  1:31  Overlord  
  10  1:45  Baneling Nest  
  10  1:52  Swarmling x6  
  10  1:59  Drone x2  
  14  2:06  Drone x2  
  15  2:14  Drone x2  
  16  2:39  Drone x2  
  17  3:01  Hatchery  
  17  3:04  Overlord  
  16  3:11  Drone x2  
  16  3:18  Drone x2  
  20  3:23  Drone x2  
  20  3:29  Drone x2  
  22  3:34  Drone x2  
  23  3:44  Drone x2  
  23  3:48  Drone x2  
  27  3:59  Extractor  
  27  4:03  Drone x4, Extractor  
  30  4:20  Drone x4  
  30  4:29  Lair  
  32  4:30  Centrifical Hooks  
  32  4:34  Evolution Chamber  
  32  4:43  Drone x4  
  32  4:45  Drone x2  
  36  4:52  Evolution Chamber  
  36  5:01  Overlord x2  
  36  5:18  Heroic Fortitude  
  36  5:22  Metabolic Boost  
  36  5:24  Overlord  
  38  5:43  Zerg Melee Weapons Level 1  
  38  5:45  Hive, Scourge Nest  
  39  6:14  Overlord  
  39  6:20  Corrosive Acid  
  39  6:22  Hardened Carapace  
  41  6:35  Medusa Blades  
  41  6:40  Overlord x2  
  41  6:50  Simplified Genome  
  43  7:00  Overlord  
  43  7:04  Overlord  
  43  7:11  Swarmling x3  
  43  7:12  Swarmling x18  
  43  7:17  Overseer x2  
  54  7:21  Adrenal Overload  
  54  7:24  Pneumatized Carapace  
  56  7:32  Swarmling x6  
  56  7:33  Swarmling x9  
  63  7:50  Virulent Spores, Rupture  
  63  7:53  Drone x2  
  66  8:07  Swarmling x9  
  66  8:08  Swarmling x15  
  78  8:35  Zerg Melee Weapons Level 2, Zerg Ground Armor Level 1  
  78  8:50  Zerg Flyer Weapons Level 1  
  78  8:57  Shredding Claws  
  79  9:19  Hatchery  
  74  9:25  Hatchery  
  74  9:29  Hatchery  
  74  9:31  Swarmling x3  
  74  9:32  Swarmling x21  
  74  9:33  Swarmling x3  
  74  9:38  Hatchery  
  86  9:45  Scourge x4  
  86  9:47  Roach x8  
  86  9:48  Roach x12  
  56  10:02  Scourge x10  
  58  10:24  Swarmling x3  
  53  10:31  Swarmling x9  
  53  10:32  Swarmling x18  
  60  10:42  Swarmling x3  
  60  10:43  Swarmling x15  
  55  10:51  Swarmling x9  
  55  10:52  Swarmling x6  
  59  11:02  Swarmling x3  
  59  11:03  Swarmling x3  
  58  11:18  Zerg Ground Armor Level 2  
  55  11:25  Swarmling x3  
  55  11:26  Swarmling x24  
  63  11:53  Swarmling x3  
  63  11:54  Swarmling x36  
  84  12:13  Swarmling x3  
  85  12:25  Scourge x2  
  85  12:26  Scourge x32  
  95  12:37  Swarmling x9  
  95  12:38  Swarmling x3  
  75  12:53  Scourge x2  
  75  12:58  Scourge x2  
  75  12:59  Scourge x26  
  89  13:17  Roach x14  
  89  13:18  Roach x6  
  89  13:20  Scourge x8  
  89  13:21  Scourge x8  
  97  13:33  Scourge x2  
  97  13:34  Scourge x2  
  99  13:48  Scourge x2  
  99  13:49  Scourge x12  
  84  13:50  Scourge x18  
  90  13:53  Swarmling x3  
  90  13:54  Swarmling x18  
  90  13:56  Scourge x2  
  90  13:57  Scourge x6  
  84  14:03  Scourge x4  
  84  14:04  Scourge x6  
  84  14:06  Swarmling x3  
  84  14:08  Swarmling x3  
  80  14:13  Scourge x6  
  80  14:14  Scourge x2  
  74  14:21  Swarmling x12  
  74  14:27  Scourge x6  
  74  14:28  Scourge x2  
  71  14:35  Scourge x2  
  71  14:36  Scourge x6  
  71  14:45  Scourge x2  
  71  14:46  Scourge x8  
  67  14:55  Scourge x2  
  67  14:56  Scourge x8  
Tags
 
Add a new tag
Caveats
  • Supply blocks, unpowered buildings, or Contaminate may cause inaccurate times.
  • Supply counts are checked every 10 seconds.